 Dungeon Crawl Stone Soup version 0.30.1-4-g462c640d31 (webtiles) character file.

Game seed: 12301397430087872686

22 Peloso the Covered (level 2, 27/27 HPs)
             Began as a Minotaur Fighter on Aug 19, 2023.
             Got out of the dungeon alive.
             The game lasted 00:01:27 (704 turns).

Peloso the Covered (Minotaur Fighter)                Turns: 704, Time: 00:01:27

Health: 27/27      AC: 13    Str: 24    XL:     2   Next: 68%
Magic:  1/1        EV:  8    Int:  4    God:
Gold:   49         SH:  4    Dex:  8    Spells: 1/1 levels left

rFire   . . .        a - +0 long sword
rCold   . . .        d - +0 buckler
rNeg    . . .        i - +3 chain mail
rPois   +            (helmet restricted)
rElec   .            c - +0 cloak
rCorr   .            (no gloves)
SInv    .            (no boots)
Will    .....        (no amulet) Stlth
                     l - ring of poison resistance
HPRegen 0.24/turn    (no ring)
MPRegen 0.07/turn

%: no passive effects
@: no status effects
A: horns 2, retaliatory headbutt, strong 1
a: no special abilities


You escaped.
You visited 1 branch of the dungeon, and saw 1 of its levels.

You collected 49 gold pieces.

Inventory:

Hand Weapons
 a - a +0 long sword (weapon)
Armour
 b - a +0 scale mail
 c - a +0 cloak (worn)
 d - a +0 buckler (worn)
 i - a +3 chain mail (worn)
Jewellery
 l - a ring of poison resistance (left hand)
Scrolls
 e - a scroll of silence {unknown}
 f - a scroll of fear
 g - a scroll of vulnerability {unknown}
 j - a scroll of teleportation {unknown}
Potions
 h - a potion of might


   Skills:
 + Level 3.8 Fighting
 + Level 2.7 Long Blades
 + Level 4.1 Armour
 + Level 4.1 Shields


You had one spell level left.
You didn't know any spells.
Your spell library contained the following spells:

 Spells                   Type           Power      Damage    Failure   Level
 Call Canine Familiar     Summ           0%         N/A       100%        3
 Portal Projectile        Hex/Tloc       0%         N/A       100%        3
 Leda's Liquefaction      Hex/Erth       0%         N/A       100%        4


Dungeon Overview and Level Annotations

Branches:
Dungeon (1/15)

Altars:


Innate Abilities, Weirdness & Mutations

You have a pair of horns on your head.
You reflexively headbutt those who attack you in melee.
Your muscles are strong. (Str +4, Int/Dex -1)


Message History

The rat is heavily wounded.
The rat bites you but does no damage. x3
You hit the rat.
You kill the rat!
The rat bites you but does no damage. The rat bites you but does no damage.
You hit the rat but do no damage.
The rat twitches its whiskers.
The rat barely misses you.
You closely miss the rat.
The rat bites you but does no damage. x2
You barely miss the rat. You headbutt the rat, but do no damage.
The rat barely misses you.
You barely miss the rat. The rat bites you but does no damage.
You slash the rat!
You kill the rat!
You see here a rat corpse.
n - a white potion You now have 49 gold pieces (gained 8).
There is an open door here.
Things that are here:
a rat corpse; a rat corpse
There is an open door here.
There is an open door here.
Done exploring.
Done exploring.
Done exploring.
Done exploring.
As you read the scroll labelled UTAGAO LOXUNI, it crumbles to dust.
It is a scroll of identify.
f - a scroll of fear It was a potion of curing.
You feel better.
It was a potion of mutation.
You feel extremely strange.
You feel stronger.
Unknown command.
(D) Dungeon
Where to? (? - help)
What level of the Dungeon? (default 1, ? - help)
There is a staircase leading out of the dungeon here.
Are you sure you want to leave the Dungeon?
This will make you lose the game!
You have escaped!

#........#######........#
.......###..............#
.................########
......##.........##
......##...#####..#
###...##...# ##.#### #
#.......## #....#
####.....## ###.##.#
##.......# #.@..#.#
.........# #....#.#
#....##### ##†#'##.##
#....# #######..#.....#
#....###...##..##...#.#
######.........##...#.#
######....†...###...#.#
....###.....### #...#.#
....# ####### #...#.#


There were no monsters in sight!

Vanquished Creatures
  A giant cockroach (D:1)
  2 goblins (D:1)
  A hobgoblin (D:1)
  4 jackals (D:1)
  3 ball pythons (D:1)
  2 bats (D:1)
  2 frilled lizards (D:1)
  A kobold (D:1)
  7 rats (D:1)
23 creatures vanquished.

Notes
Turn   | Place    | Note
-------+----------+-------------------------------------------
     0 | D:1      | Peloso the Minotaur Fighter began the quest for the Orb.
     0 | D:1      | Reached XP level 1. HP: 19/19 MP: 0/0
   214 | D:1      | Reached XP level 2. HP: 25/27 MP: 1/1
   687 | D:1      | Gained mutation: Your muscles are strong. (Str +4, Int/Dex
                  | -1) [potion of mutation]
   704 | D:$      | Got out of the dungeon alive.

Illustrated notes

Levels and vault maps discovered:
D:1:      dpeg_arrival_ratfight, layout_basic, hangedman_decor_clover_reticule,
          chequers_arboretum, minmay_tetromino_t4

Skill      XL: |  1  2 |
---------------+-------+-----
Shields        | 4 |  4.1
Armour         | 4 |  4.1
Fighting       | |  3.8
Long Blades    | |  2.7

Action                     || total
---------------------------++-------
  Melee: Long sword        ||    54
         Headbutt          ||     6
    Use: Potion            ||     2
         Scroll            ||     1
 Armour: Scale mail        ||    19
         Chain mail        ||    21
  Dodge: Dodged            ||    22
  Block: Buckler           ||     7
